 Dungeon Crawl Stone Soup version 0.31-a0-204-g7da18cac08 (webtiles) character file.

Game seed: 4638550016014978003

42 Dittersdorf the Shield-Bearer (level 3, -2/24 HPs)
             Began as a Gargoyle Fighter on June 27, 2023.
             Slain by Sigmund
             ... wielding a +0 scythe
              (9 damage)
             ... on level 2 of the Dungeon.
             The game lasted 00:01:33 (1100 turns).

Dittersdorf the Shield-Bearer (Gargoyle Fighter)    Turns: 1100, Time: 00:01:34

Health: -2/24      AC: 12    Str: 21    XL:     3   Next: 56%
Magic:  3/3        EV:  6    Int:  8    God:
Gold:   31         SH:  8    Dex:  9    Spells: 2/2 levels left

rFire   . . .        a - +0 flail
rCold   . . .        i - +0 kite shield
rNeg    + . .        g - +0 chain mail
rPois   ∞            (no helmet)
rElec   +            (no cloak)
rCorr   .            (no gloves)
SInv    .            (no boots)
Will    .....        (no amulet) Stlth
                     (no ring)
HPRegen 0.24/turn    (no ring)
MPRegen 0.08/turn

%: no passive effects
@: no status effects
A: sickness immunity, AC +3, negative energy resistance 1, electricity
resistance, torment resistance 1, petrification resistance
a: no special abilities


You were on level 2 of the Dungeon.
You visited 1 branch of the dungeon, and saw 2 of its levels.

You collected 31 gold pieces.

Inventory:

Hand Weapons
 a - a +0 flail (weapon)
Armour
 g - a +0 chain mail (worn)
 i - a +0 kite shield (worn)
Scrolls
 e - 2 scrolls of teleportation {unknown}
 f - 2 scrolls of identify {unknown}
Potions
 b - a potion of resistance {unknown}
 d - a potion of might
 h - a potion of heal wounds {unknown}


   Skills:
 + Level 3.7 Fighting
 + Level 2.5 Maces & Flails
 + Level 3.7 Armour
 + Level 3.8 Shields


You had 2 spell levels left.
You didn't know any spells.
Your spell library contained the following spells:

 Spells                   Type           Power      Damage    Failure   Level
 Blink                    Tloc           0%         N/A       100%        2
 Lesser Beckoning         Tloc           0%         N/A       100%        2
 Momentum Strike          Conj/Tloc      0%         3d8       100%        2


Dungeon Overview and Level Annotations

Branches:
Dungeon (2/15)

Altars:

Shops:
D:1 =

Annotations:
D:2 Sigmund


Innate Abilities, Weirdness & Mutations

You are immune to sickness and miasma.
Your stone body is resilient. (AC +3)
You are immune to poison.
You resist negative energy. (rN+)
You are resistant to electric shocks. (rElec)
You are resistant to unholy torment.
You are immune to petrification.


Message History

No target in view!
No target in view!
No target in view!
You open the door.
Sigmund and a hobgoblin come into view.
Sigmund shouts!
The hobgoblin shouts!
You hear a shout! x2
A goblin comes into view. It is wielding a +0 club.
A goblin comes into view. It is wielding a +0 dagger.
A goblin comes into view. It is wielding a +0 club.
Sigmund drinks a potion.
Sigmund seems to speed up.
Found a sling, a ring mail and a book of Callings.
Sigmund points at you and mumbles some strange words.
You resist with significant effort.
Sigmund points at you and mumbles some strange words.
You resist with significant effort.
Sigmund gestures wildly while chanting.
Sigmund flickers and vanishes!
Deactivating autopickup; reactivate with Ctrl-A.
You hear some strange, mumbled words.
You are confused.
You hear some strange, mumbled words.
A puff of flame appears from out of thin air!
The puff of flame misses you. Something hits you but does no damage.
You bump into the rock wall.
Something hits you but does no damage.
You hear some strange, mumbled words.
You are more confused.
You hear some strange, mumbled words.
A puff of flame appears from out of thin air!
The puff of flame hits you. Something hits you!
You hear some strange, mumbled words.
Something tries to affect you, but you resist.
Something hits you.
You bump into the rock wall.
Something hits you. Something hits you but does no damage.
You're too confused to move!
Something hits you.
* * * LOW HITPOINT WARNING * * *
You feel less confused. Something hits you but does no damage.
Something hits you!
You die...

.....'......... .. ..##....####
.....##'######. .# #.##....+...
######.......#+#.# #.##....####
#......†...# #.##....#..#
#..........# #.##...g.... #
#..........# #.####.##..#
######..........# #...g.g##..#
.....+.......#'#######..######..#
#.####.......#..@...g.g.######..#
#...###################.#.......#
..[... ..#.####g## ####.. #.# ...
. #.# ..... #####. ### ......
...... ......) ###... g.g[.... #
#..g.:...


You could see a hobgoblin and a goblin.

Vanquished Creatures
  2 dart slugs (D:1)
  2 ball pythons (D:1)
  5 bats
  2 endoplasms
  2 giant cockroaches
  A goblin (D:2)
  8 hobgoblins
  4 quokkas
  4 frilled lizards
  4 kobolds
  A rat (D:1)
35 creatures vanquished.

Notes
Turn   | Place    | Note
-------+----------+-------------------------------------------
     0 | D:1      | Dittersdorf the Gargoyle Fighter began the quest for the
                  | Orb.
     0 | D:1      | Reached XP level 1. HP: 14/14 MP: 1/1
    15 | D:1      | Found Ikiarac's Jewellery Shop.
    80 | D:1      | Reached XP level 2. HP: 19/19 MP: 2/2
   551 | D:1      | Reached XP level 3. HP: 23/23 MP: 3/3
  1073 | D:2      | Noticed Sigmund
  1100 | D:2      | Slain by Sigmund

Illustrated notes

Levels and vault maps discovered:
D:1:      dpeg_arrival_court, layout_basic, serial_aquarium,
          aquarium_bridge_square [aquarium_subvault_bridge,
          aquarium_subvault_wall, aquarium_subvault_wall,
          aquarium_subvault_balcony], aquarium_bridge_square
          [aquarium_subvault_bridge, aquarium_subvault_bridge,
          aquarium_subvault_wall, aquarium_subvault_wall], aquarium_window_fake,
          aquarium_window_fake, aquarium_window_1, aquarium_window_1,
          aquarium_view_4, aquarium_view_2d, aquarium_balcony_3b,
          aquarium_pool_2, serial_shops, shop
D:2:      layout_basic, basic_altar, hex_medium, uniq_sigmund,
          uniq_crazy_yiuf_cottage, uniq_robin

Action                     || total
---------------------------++-------
  Melee: Flail             ||    97
 Armour: Scale mail        ||    13
         Chain mail        ||    49
  Dodge: Dodged            ||    53
  Block: Buckler           ||    13
         Kite shield       ||    11

Table legend: (Time is in decaauts)
 A = Elapsed time spent in this place.
 B = Non-inter-level travel time spent in this place.
 C = Inter-level travel time spent in this place.
 D = Time resting spent in this place.
 E = Time spent auto-exploring this place.
 F = Levels seen in this place.
 G = Mean time per level.
                   A        B        C        D        E       F      G
               +--------+--------+--------+--------+--------+-----+--------+
         Total |   1132 |   1105 |     27 |      0 |    809 |   2 |  566.0 |
       Dungeon |   1132 |   1105 |     27 |      0 |    809 |   2 |  566.0 |
               +--------+--------+--------+--------+--------+-----+--------+

Top non-repeatable levels by time:
     D:1: 908 daAuts
     D:2: 223 daAuts
